 Dungeon Crawl Stone Soup version 0.19.5 (webtiles) character file.

124 Patchouli the Magician (level 4, 0/36 HPs)
             Began as a Deep Elf Fire Elementalist on Mar 16, 2017.
             Slain by a sky beast (1 damage)
             ... on level 5 of the Dungeon.
             The game lasted 00:12:10 (1373 turns).

Patchouli the Magician (Deep Elf Fire Elementalist) Turns: 1373, Time: 00:12:11

Health: 0/36       AC:  2    Str: 10    XL:     4   Next: 81%
Magic:  7/12       EV: 13    Int: 21    God:
Gold:   168        SH:  4    Dex: 15    Spells: 3 memorised, 5 levels left

rFire  . . .     SeeInvis .     j - +1 whip (elec)
rCold  . . .     Gourm    .     a - +0 robe
rNeg   . . .     Faith    .     (no shield)
rPois  .         Spirit   .     (no helmet)
rElec  .         Reflect  +     (no cloak)
rCorr  .         Harm     .     (no gloves)
MR     .....                    (no boots)
Stlth  ..........               s - +4 amulet of reflection
                                (no ring)
                                (no ring)

@: berserking, very slightly contaminated, very quick
A: no striking features
a: no special abilities


You were on level 5 of the Dungeon.
You were not hungry.

You visited 2 branches of the dungeon, and saw 6 of its levels.

You collected 168 gold pieces.

Inventory:

Hand Weapons
 g - a +0 short sword
 i - a +0 spear
 j - a +1 whip of electrocution (weapon)
 r - a +2 whip of venom
 z - a +2 dagger of pain
Armour
 a - a +0 robe (worn)
 x - a +0 leather armour
Jewellery
 h - an uncursed amulet of guardian spirit
 s - a +4 amulet of reflection (around neck)
 y - an uncursed ring of ice
Wands
 D - a wand of lightning (7/15)
Scrolls
 d - a scroll of identify
 e - 3 scrolls of enchant armour
 o - a scroll of blinking {unknown}
 p - a scroll of remove curse {unknown}
 w - a scroll of recharging {unknown}
Potions
 k - a potion of curing
 l - a potion of agility
 q - 3 potions of berserk rage
 t - a potion of might {unknown}
 u - a potion of degeneration {unknown}
 v - 2 potions of brilliance {unknown}
 A - a potion of beneficial mutation {unknown}
 B - a potion of mutation {unknown}
Books
 b - a book of Flames

   Spells                             Type                      Level
   a - Flame Tongue                   Conjuration/Fire             1
   b - Throw Flame                    Conjuration/Fire             2
   c - Conjure Flame                  Conjuration/Fire             3
   d - Inner Flame                    Hexes/Fire                   3
   e - Sticky Flame                   Conjuration/Fire             4
   f - Fireball                       Conjuration/Fire             5
Comestibles
 c - 4 bread rations
 f - a beef jerky
 C - a meat ration


   Skills:
 + Level 0.7 Fighting
 + Level 0.0 Armour
 + Level 3.1 Dodging
 - Level 2.4 Stealth
 * Level 4.8 Spellcasting
 * Level 2.3 Conjurations
 * Level 4.1 Fire Magic


You had 5 spell levels left.
You knew the following spells:

 Your Spells              Type           Power        Failure   Level  Hunger
a - Flame Tongue          Conj/Fire      ###..        3%          1    None
c - Conjure Flame         Conj/Fire      ###.....     12%         3    ##.....
i - Inner Flame           Hex/Fire       ##......     17%         3    ##.....


Dungeon Overview and Level Annotations

Branches:
Dungeon (5/15)             Temple (1/1) D:4

Altars:
Ashenzari
Dithmenos
Elyvilon
Fedhas
Hepliaklqana
Kikubaaqudgha
Makhleb
Okawaru
Sif Muna
Uskayaw
Yredelemnul
Zin
The Shining One

Annotations:
D:3 Sigmund


Message History

It was a potion of berserk rage.
A red film seems to cover your vision as you go berserk!
You feel yourself moving faster!
You feel mighty!
The sky beast hits you but does no damage.
You barely miss the sky beast. The sky beast hits you.
* * * LOW HITPOINT WARNING * * *
The sky beast shocks you.
* * * LOW HITPOINT WARNING * * *
You are too berserk!
You whack the sky beast!
The sky beast is moderately wounded.
You block the sky beast's attack.
You miss the sky beast.
The sky beast is moderately wounded.
You hit the sky beast.
The sky beast is heavily wounded.
The sky beast flickers out of sight!
Deactivating autopickup; reactivate with Ctrl-A.
Something hits you.
You die...

..... ..... ....!
....## ...# #
######.#####
+.........@.>#
#.######.{##....#
#..........# ...#
##........# ..#
#........# .#
#######......?.# #
#................#
#.....†..........#
#..................


There were no monsters in sight!

Vanquished Creatures
  Ijyb (D:3)
  A worker ant (D:5)
  3 adders
  An ooze (D:1)
  A dart slug (D:2)
  6 bats
  6 giant cockroaches
  6 goblins
  2 hobgoblins
  2 jackals (D:3)
  7 kobolds
  A ball python skeleton (D:4)
  4 rats
41 creatures vanquished.

Vanquished Creatures (others)
  A kobold (D:3)
1 creature vanquished.

Grand Total: 42 creatures vanquished

Notes
Turn   | Place    | Note
-------+----------+-------------------------------------------
     0 | D:1      | Patchouli the Deep Elf Fire Elementalist began the quest for the Orb.
     0 | D:1      | Reached XP level 1. HP: 10/10 MP: 6/6
   177 | D:1      | Reached XP level 2. HP: 15/15 MP: 2/8
   293 | D:2      | Found a shattered altar of Ashenzari.
   545 | D:2      | Reached XP level 3. HP: 18/19 MP: 5/9
   690 | D:2      | Found a blossoming altar of Fedhas.
   781 | D:3      | Noticed Sigmund
   822 | D:3      | Learned a level 3 spell: Conjure Flame
   826 | D:3      | Learned a level 3 spell: Inner Flame
   927 | D:3      | Noticed Ijyb
   937 | D:3      | Killed Ijyb
   937 | D:3      | Reached XP level 4. HP: 21/24 MP: 1/12
  1045 | D:4      | Found a staircase to the Ecumenical Temple.
  1050 | Temple   | Entered the Ecumenical Temple
  1342 | D:5      | Entered Level 5 of the Dungeon
  1342 | D:5      | Noticed a sky beast
  1370 | D:5      | HP: 1/36 [sky beast (5)]
  1373 | D:5      | Slain by a sky beast

Skill      XL: |  1  2  3  4 |
---------------+-------------+-----
Conjurations   | 2 |  2.3
Spellcasting   | 4 |  4.8
Fire Magic     | 4 |  4.1
Dodging        | 3 |  3.1
Fighting       | |  0.7
Stealth        | |  2.4

Action                   |  1- 3 |  4- 6 || total
-------------------------+-------+-------++-------
Melee: Whip              |    18 |     6 ||    24
 Cast: Flame Tongue      |    55 |    12 ||    67
       Conjure Flame     |     1 |       ||     1
  Use: Potion            |     1 |     2 ||     3
       Scroll            |       |     3 ||     3
 Stab: Sleeping          |     1 |       ||     1
  Eat: Chunk             |       |     1 ||     1
Armor: Robe              |     1 |     2 ||     3
Dodge: Dodged            |    16 |     9 ||    25
Block: Other             |     1 |     3 ||     4
       Reflection        |       |     1 ||     1
